ORI
UNIVERSITY OF MIAMI HURRICANES @ UNIVERSITY OF GEORGIA BULLDOGS
09/12/2048
 
TOP OF THE 1ST
University of Miami Hurricanes batting - Pitching for University of Georgia Bulldogs : RHP Bob Vetrano
Pitching: RHP Bob Vetrano
Batting: SHB Taylor Shelton 0-0: Called Strike
0-1: SINGLE (Groundball, 4MD, EV 96.2 MPH)
Batting: RHB Danny Gallardo 0-0: Called Strike
Taylor Shelton is caught stealing 2nd base 2-4
0-1: Ball
1-1: Called Strike
1-2: Ball
2-2: Ball
3-2: Strikes out swinging
Batting: RHB Burke Miller 0-0: Swinging Strike
0-1: Ball
1-1: DOUBLE (Line Drive, 7LS, EV 108.8 MPH)
Batting: LHB Hector Salazar 0-0: Ball
1-0: Reached via error on a dropped throw from 2B, E3 (Groundball, 4MS, EV 87.5 MPH)
Burke Miller to third
Batting: RHB Chris Zubia 0-0: Foul Ball, location: 2F
0-1: Ball
1-1: Ball
Hector Salazar steals 2nd base
2-1: SINGLE (Flyball, 34D, EV 93.8 MPH)
Burke Miller scores
Hector Salazar to third
Runner from 3rd tries for Home, SAFE, throw by RF to home
Batting: LHB Addergoole Kartosuwiryo 0-0: Called Strike
Chris Zubia is caught stealing 2nd base 2-6
Top of the 1st over - 2 runs, 3 hits, 1 error, 0 left on base; University of Miami 2 - University of Georgia 0
BOTTOM OF THE 1ST
University of Georgia Bulldogs batting - Pitching for University of Miami Hurricanes : RHP Alberto Arellano
Pitching: RHP Alberto Arellano
Batting: RHB Nate McCormick 0-0: Called Strike
0-1: Swinging Strike
0-2: Strikes out swinging
Batting: LHB Casey Bass 0-0: Ball
1-0: Ball
2-0: Swinging Strike
2-1: Foul Ball, location: 2F
2-2: Ball
3-2: Base on Balls
Batting: RHB Charlie Davison 0-0: Called Strike
0-1: Ball
Casey Bass steals 2nd, throwing error, E2
Casey Bass to third
1-1: Ground out 5-3 (Groundball, 56, EV 101.9 MPH)
Casey Bass scores
Batting: RHB Murilo Cunha 0-0: Foul Ball, location: 2F
0-1: Ball
1-1: Fly out, F8 (Flyball, 8LS, EV 90.0 MPH)
Bottom of the 1st over - 1 run, 0 hits, 1 error, 0 left on base; University of Miami 2 - University of Georgia 1
TOP OF THE 2ND
University of Miami Hurricanes batting - Pitching for University of Georgia Bulldogs : RHP Bob Vetrano
Batting: LHB Addergoole Kartosuwiryo 0-0: Ball
1-0: Called Strike
1-1: Fly out, F5 (Popup, 5S, EV 84.4 MPH)
Batting: RHB Drew Morgenstern 0-0: Called Strike
0-1: Ball
1-1: Ball
2-1: Foul Ball, location: 2F
2-2: Strikes out swinging
Batting: RHB Mark Kerr 0-0: Ball
1-0: Ball
2-0: Ball
3-0: Called Strike
3-1: Fly out, F4 (Popup, 34, EV 67.5 MPH)
Top of the 2nd over - 0 runs, 0 hits, 0 errors, 0 left on base; University of Miami 2 - University of Georgia 1
BOTTOM OF THE 2ND
University of Georgia Bulldogs batting - Pitching for University of Miami Hurricanes : RHP Alberto Arellano
Batting: LHB Dennis Klein 0-0: Called Strike
0-1: Ball
1-1: Ball
2-1: Called Strike
2-2: Ball
3-2: Base on Balls
Batting: RHB Rodolfo Solis 0-0: Ball
Dennis Klein steals 2nd base
1-0: Called Strike
1-1: Ball
2-1: Ground out 1-3 (Groundball, 34S, EV 66.9 MPH)
Dennis Klein to third
Batting: LHB Sloan Rayner 0-0: Ball
1-0: Fly out, F8 (Flyball, 78M, EV 90.6 MPH)
Runner from 3rd tags up, SCORES, throw by CF
Batting: RHB Rich Gold 0-0: Ball
1-0: Called Strike
1-1: Ground out 5-3 (Groundball, 56, EV 92.5 MPH)
Bottom of the 2nd over - 1 run, 0 hits, 0 errors, 0 left on base; University of Miami 2 - University of Georgia 2
TOP OF THE 3RD
University of Miami Hurricanes batting - Pitching for University of Georgia Bulldogs : RHP Bob Vetrano
Batting: RHB Justin Jackson 0-0: Ball
1-0: Swinging Strike
1-1: Ball
2-1: Ground out 6-3 (Groundball, 6, EV 100.6 MPH)
Batting: SHB Taylor Shelton 0-0: Called Strike
0-1: Ball
1-1: Ball
2-1: Swinging Strike
2-2: Ball
3-2: Foul Ball, location: 2F
3-2: Ground out 5-3 (Groundball, 25, EV 86.9 MPH)
Batting: RHB Danny Gallardo 0-0: Ball
1-0: Foul Ball, location: 2F
1-1: Foul Ball, location: 2F
1-2: Ball
2-2: Ball
3-2: SINGLE (Flyball, 8RS, EV 91.9 MPH)
Batting: RHB Burke Miller 0-0: Ball
1-0: Foul Ball, location: 2F
1-1: Ball
Wild Pitch!
Danny Gallardo to second
2-1: Swinging Strike
2-2: Foul Ball, location: 2F
2-2: Foul Ball, location: 2F
2-2: Foul Ball, location: 2F
2-2: Ball
3-2: Foul Ball, location: 2F
3-2: Strikes out swinging passed ball, reaches first!
Danny Gallardo to third
Batting: LHB Hector Salazar 0-0: Called Strike
0-1: SINGLE (Groundball, 4MD, EV 98.1 MPH)
Danny Gallardo scores
Burke Miller to second
Runner from 2nd tries for 3rd, OUT! 8-5
Top of the 3rd over - 1 run, 2 hits, 0 errors, 1 left on base; University of Miami 3 - University of Georgia 2
BOTTOM OF THE 3RD
University of Georgia Bulldogs batting - Pitching for University of Miami Hurricanes : RHP Alberto Arellano
Batting: RHB James Warby 0-0: Swinging Strike
0-1: Called Strike
0-2: Foul Ball, location: 2F
0-2: Foul Ball, location: 2F
0-2: Strikes out swinging
Batting: RHB Nate McCormick 0-0: Ball
1-0: Ball
2-0: Ball
3-0: Called Strike
3-1: Foul Ball, location: 2F
3-2: Foul Ball, location: 2F
3-2: Strikes out swinging
Batting: LHB Casey Bass 0-0: Called Strike
0-1: Called Strike
0-2: Strikes out swinging
Bottom of the 3rd over - 0 runs, 0 hits, 0 errors, 0 left on base; University of Miami 3 - University of Georgia 2
TOP OF THE 4TH
University of Miami Hurricanes batting - Pitching for University of Georgia Bulldogs : RHP Bob Vetrano
Batting: RHB Chris Zubia 0-0: Called Strike
0-1: Ball
1-1: Foul Ball, location: 2F
1-2: Strikes out swinging
Batting: LHB Addergoole Kartosuwiryo 0-0: DOUBLE (Line Drive, 7LM, EV 102.5 MPH)
Batting: RHB Drew Morgenstern 0-0: Ball
1-0: Ball
2-0: Called Strike
2-1: Ball
3-1: Ground out 6-3 (Groundball, 6, EV 83.1 MPH)
Batting: RHB Mark Kerr 0-0: Swinging Strike
0-1: Ball
1-1: Ground out 6-3 (Groundball, 6, EV 85.6 MPH)
Top of the 4th over - 0 runs, 1 hit, 0 errors, 1 left on base; University of Miami 3 - University of Georgia 2
BOTTOM OF THE 4TH
University of Georgia Bulldogs batting - Pitching for University of Miami Hurricanes : RHP Alberto Arellano
Batting: RHB Charlie Davison 0-0: Ball
1-0: Ball
2-0: Ground out 1-3 (Groundball, 13, EV 73.1 MPH)
Batting: RHB Murilo Cunha 0-0: Ball
1-0: Ball
2-0: Foul Ball, location: 2F
2-1: Ball
3-1: Reached on error, E3 (Groundball, 34, EV 91.9 MPH)
Batting: LHB Dennis Klein 0-0: Ball
Murilo Cunha steals 2nd base
1-0: Called Strike
1-1: Called Strike
1-2: Strikes out swinging
Batting: RHB Rodolfo Solis 0-0: Called Strike
0-1: Ball
1-1: Ground out 4-3 (Groundball, 4S, EV 81.2 MPH)
Bottom of the 4th over - 0 runs, 0 hits, 1 error, 1 left on base; University of Miami 3 - University of Georgia 2
TOP OF THE 5TH
University of Miami Hurricanes batting - Pitching for University of Georgia Bulldogs : RHP Bob Vetrano
Batting: RHB Justin Jackson 0-0: Fly out, F5 (Line Drive, 56, EV 64.4 MPH)
Batting: SHB Taylor Shelton 0-0: Fly out, F9 (Flyball, 9LSF, EV 81.9 MPH)
Batting: RHB Danny Gallardo 0-0: Ball
1-0: Foul Ball, location: 2F
1-1: Called Strike
1-2: Ball
2-2: Strikes out swinging
Top of the 5th over - 0 runs, 0 hits, 0 errors, 0 left on base; University of Miami 3 - University of Georgia 2
BOTTOM OF THE 5TH
University of Georgia Bulldogs batting - Pitching for University of Miami Hurricanes : RHP Alberto Arellano
Batting: LHB Sloan Rayner 0-0: Foul Ball, location: 2F
0-1: Ball
1-1: Ground out U3 (Groundball, 3L, EV 86.2 MPH)
Batting: RHB Rich Gold 0-0: Swinging Strike
0-1: Ground out U3 (Groundball, 3S, EV 86.2 MPH)
Batting: RHB James Warby 0-0: Called Strike
0-1: Swinging Strike
0-2: Ball
1-2: Ball
2-2: Strikes out looking
Bottom of the 5th over - 0 runs, 0 hits, 0 errors, 0 left on base; University of Miami 3 - University of Georgia 2
TOP OF THE 6TH
University of Miami Hurricanes batting - Pitching for University of Georgia Bulldogs : RHP Bob Vetrano
Pitching: RHP Alex Vasquez
Batting: RHB Burke Miller 0-0: Foul Ball, location: 2F
0-1: Ball
1-1: Swinging Strike
1-2: Ball
2-2: Ball
3-2: Fly out, F8 (Flyball, 78M, EV 87.5 MPH)
Batting: LHB Hector Salazar 0-0: Ball
1-0: Ball
2-0: Ball
3-0: Base on Balls
Batting: RHB Chris Zubia 0-0: Ball
1-0: Ball
2-0: Called Strike
2-1: Called Strike
2-2: Foul Ball, location: 2F
2-2: Ball
3-2: Ground out U3 (Groundball, 3, EV 105.6 MPH)
Hector Salazar to second
Batting: LHB Addergoole Kartosuwiryo 0-0: Fly out, F9 (Flyball, 89S, EV 85.0 MPH)
Top of the 6th over - 0 runs, 0 hits, 0 errors, 1 left on base; University of Miami 3 - University of Georgia 2
BOTTOM OF THE 6TH
University of Georgia Bulldogs batting - Pitching for University of Miami Hurricanes : RHP Alberto Arellano
Batting: RHB Nate McCormick 0-0: Ball
1-0: Ball
2-0: Foul Ball, location: 2F
2-1: Called Strike
2-2: Ground out 3-1 (Groundball, 34, EV 90.0 MPH)
Pitching: LHP Bill Judd
Batting: LHB Casey Bass 0-0: Ball
1-0: Foul Ball, location: 2F
1-1: Foul Ball, location: 2F
1-2: Ball
2-2: Ball
3-2: Fly out, F7 (Flyball, 7, EV 92.5 MPH)
Batting: RHB Charlie Davison 0-0: Foul Ball, location: 2F
0-1: Foul Ball, location: 2F
0-2: Ball
1-2: DOUBLE (Groundball, 5L, EV 103.1 MPH)
Batting: RHB Murilo Cunha 0-0: Called Strike
0-1: Foul Ball, location: 2F
0-2: Ball
1-2: Ball
2-2: Ball
3-2: Base on Balls
Batting: LHB Dennis Klein 0-0: Ball
1-0: Foul Ball, location: 2F
1-1: Ball
2-1: Called Strike
2-2: Foul Ball, location: 2F
2-2: Fielders Choice at 2nd, 6-4 (Groundball, 6, EV 81.9 MPH)
Bottom of the 6th over - 0 runs, 1 hit, 0 errors, 2 left on base; University of Miami 3 - University of Georgia 2
TOP OF THE 7TH
University of Miami Hurricanes batting - Pitching for University of Georgia Bulldogs : RHP Alex Vasquez
Pitching: RHP Jesse Moritz
Batting: RHB Drew Morgenstern 0-0: Swinging Strike
0-1: Swinging Strike
0-2: Foul Ball, location: 2F
0-2: Ball
1-2: Ball
2-2: Ball
3-2: Strikes out swinging
Batting: RHB Mark Kerr 0-0: Called Strike
0-1: Ground out 4-3 (Groundball, 4M, EV 107.5 MPH)
Batting: RHB Justin Jackson 0-0: Ball
1-0: Fly out, F7 (Flyball, 7LS, EV 83.8 MPH)
Top of the 7th over - 0 runs, 0 hits, 0 errors, 0 left on base; University of Miami 3 - University of Georgia 2
BOTTOM OF THE 7TH
University of Georgia Bulldogs batting - Pitching for University of Miami Hurricanes : LHP Bill Judd
Pitching: RHP Artemio Santiago
Batting: RHB Rodolfo Solis 0-0: Called Strike
0-1: Ground out 3-1 (Groundball, 34, EV 80.6 MPH)
Batting: LHB Sloan Rayner 0-0: Ball
1-0: Ball
2-0: Ball
3-0: Called Strike
3-1: Called Strike
3-2: Ground out U3 (Groundball, 34, EV 83.8 MPH)
Batting: LHB Luis Mejia 0-0: Ball
1-0: Called Strike
1-1: Called Strike
1-2: Ball
2-2: Ground out 6-3 (Groundball, 4M, EV 86.2 MPH)
Bottom of the 7th over - 0 runs, 0 hits, 0 errors, 0 left on base; University of Miami 3 - University of Georgia 2
TOP OF THE 8TH
University of Miami Hurricanes batting - Pitching for University of Georgia Bulldogs : RHP Jesse Moritz
Batting: SHB Taylor Shelton 0-0: Called Strike
0-1: Called Strike
0-2: Strikes out swinging
Batting: RHB Danny Gallardo 0-0: Hit by Pitch
Batting: RHB Burke Miller 0-0: Ball
1-0: Ball
2-0: Ball
Wild Pitch!
Danny Gallardo to second
3-0: Intentional Walk
Batting: LHB Hector Salazar 0-0: Called Strike
0-1: Ball
1-1: Ball
2-1: Ball
3-1: Base on Balls
Danny Gallardo to third
Burke Miller to second
Batting: RHB Chris Zubia 0-0: Foul Ball, location: 2F
0-1: Ball
1-1: Fly out, F4 (Popup, 34, EV 58.1 MPH)
Batting: LHB Addergoole Kartosuwiryo 0-0: Ball
1-0: Called Strike
1-1: Ground out 4-3 (Groundball, 4, EV 106.9 MPH)
Top of the 8th over - 0 runs, 0 hits, 0 errors, 3 left on base; University of Miami 3 - University of Georgia 2
BOTTOM OF THE 8TH
University of Georgia Bulldogs batting - Pitching for University of Miami Hurricanes : RHP Artemio Santiago
Batting: RHB James Warby 0-0: Ball
1-0: Ball
2-0: Foul Ball, location: 2F
2-1: Foul Ball, location: 2F
2-2: Foul Ball, location: 2F
2-2: Ball
3-2: Base on Balls
Pitching: RHP Chris Moore
Batting: RHB Nate McCormick 0-0: Ball
1-0: Called Strike
1-1: Called Strike
1-2: Ball
2-2: Fly out, F9 (Flyball, 89M, EV 85.0 MPH)
Pitching: LHP Ryan Hosken
Batting: LHB Casey Bass 0-0: Called Strike
0-1: Swinging Strike
0-2: SINGLE (Line Drive, 89M, EV 90.0 MPH)
James Warby to second
Pitching: RHP Kieran Jesso
Batting: RHB Charlie Davison 0-0: Ball
1-0: Ball
2-0: Ball
3-0: Base on Balls
James Warby to third
Casey Bass to second
Batting: RHB Murilo Cunha 0-0: Ball
1-0: Called Strike
1-1: Called Strike
1-2: SINGLE (Groundball, 4, EV 100.0 MPH) (infield hit)
James Warby scores
Casey Bass to third
Charlie Davison to second
Batting: LHB Dennis Klein 0-0: Called Strike
0-1: Ball
1-1: Ball
2-1: Ball
Wild Pitch!
Casey Bass scores
Charlie Davison to third
Murilo Cunha to second
3-1: Intentional Walk
Batting: RHB Rodolfo Solis 0-0: Called Strike
0-1: Ball
1-1: Called Strike
1-2: Ball
2-2: Foul Ball, location: 2F
2-2: Foul Ball, location: 2F
2-2: Foul Ball, location: 2F
2-2: Ball
3-2: Fly out, F8 (Flyball, 8RS, EV 84.4 MPH)
Batting: LHB Sloan Rayner 0-0: SINGLE (Groundball, 4, EV 97.5 MPH)
Charlie Davison scores
Murilo Cunha to third
Dennis Klein to second
Runner from 3rd tries for Home, SAFE, throw by CF to home
Batting: LHB Luis Mejia 0-0: Called Strike
0-1: Ball
1-1: Swinging Strike
1-2: Ball
2-2: Strikes out swinging, 2-3 out at first.
Bottom of the 8th over - 4 runs, 3 hits, 0 errors, 2 left on base; University of Miami 3 - University of Georgia 6
TOP OF THE 9TH
University of Miami Hurricanes batting - Pitching for University of Georgia Bulldogs : RHP Jesse Moritz
Pitching: RHP Bill Maher
Pinch Hitting: LHB Brian Woods 0-0: Ball
1-0: Ball
2-0: Ball
3-0: Base on Balls
Batting: RHB Mark Kerr 0-0: Ball
1-0: Ball
2-0: Called Strike
2-1: Ball
3-1: Fly out, F9 (Flyball, 9S, EV 91.2 MPH)
Pinch Hitting: RHB Anderson Shumate 0-0: Called Strike
0-1: Ball
1-1: Ball
2-1: Called Strike
2-2: Ball
3-2: Base on Balls
Brian Woods to second
Batting: SHB Taylor Shelton 0-0: Ball
1-0: Foul Ball, location: 2F
1-1: Foul Ball, location: 2F
1-2: Foul Ball, location: 2F
1-2: Foul Ball, location: 2F
1-2: Ball
2-2: Foul Ball, location: 2F
2-2: Ball
3-2: Fielders Choice at 2nd, 6-4 (Groundball, 6, EV 85.6 MPH)
Brian Woods to third
Batting: RHB Danny Gallardo 0-0: Ball
1-0: Swinging Strike
1-1: Swinging Strike
1-2: Foul Ball, location: 2F
1-2: Ball
2-2: Strikes out swinging
Top of the 9th over - 0 runs, 0 hits, 0 errors, 2 left on base; University of Miami 3 - University of Georgia 6
Tuesday, March 28th , 2023 - OOTP Baseball 23.10 Build 110